3AAA
HAMILTON COYOTES @ PURE MICHIGAN GREAT LAKERS
08/10/2023
 
TOP OF THE 1ST
Hamilton Coyotes batting - Pitching for Pure Michigan Great Lakers : RHP Robert Dickinson
Pitching: RHP Robert Dickinson
Batting: RHB Francisco Morales 0-0: Fly out, F3 (Popup, 3L)
Batting: RHB Carlos Mercado 0-0: Called Strike
0-1: Ball
1-1: Ball
2-1: Called Strike
2-2: Ball
3-2: Ground out 5-3 (Groundball, 5)
Batting: RHB Héctor Rojas 0-0: Ball
1-0: Called Strike
1-1: Ball
2-1: Foul Ball, location: 2F
2-2: Foul Ball, location: 2F
2-2: Ball
3-2: Base on Balls
Batting: RHB Stan Pierce 0-0: Swinging Strike
0-1: Foul Ball, location: 2F
0-2: Foul Ball, location: 2F
0-2: Ball
1-2: SINGLE (Groundball, 56D)
Héctor Rojas to second
Pitching: RHP Alberto Díaz
Batting: LHB Ralph Dunford 0-0: Called Strike
0-1: Foul Ball, location: 2F
0-2: Strikes out looking
Top of the 1st over - 0 run(s), 1 hit(s), 0 error(s), 2 left on base; Hamilton 0 - Pure Michigan 0
BOTTOM OF THE 1ST
Pure Michigan Great Lakers batting - Pitching for Hamilton Coyotes : RHP King Fletcher
Pitching: RHP King Fletcher
Batting: RHB Brian King 0-0: Ball
1-0: Foul Ball, location: 2F
1-1: Foul Ball, location: 2F
1-2: Ball
2-2: Ball
3-2: Fly out, F4 (Line Drive, 4)
Batting: RHB Zong-yuan Fung 0-0: Ball
1-0: Called Strike
1-1: Ground out 5-3 (Groundball, 56)
Batting: RHB Jeffery Campbell 0-0: Fly out, F8 (Flyball, 8LM)
Bottom of the 1st over - 0 run(s), 0 hit(s), 0 error(s), 0 left on base; Hamilton 0 - Pure Michigan 0
TOP OF THE 2ND
Hamilton Coyotes batting - Pitching for Pure Michigan Great Lakers : RHP Alberto Díaz
Batting: LHB Tony Ríos 0-0: Ground out 3-1 (Groundball, 34)
Batting: RHB Monty Sharp 0-0: Ball
1-0: Ball
2-0: SINGLE (Groundball, 56)
Batting: RHB Jack O'Brien 0-0: Called Strike
0-1: Called Strike
Monty Sharp is caught stealing 2nd base
0-2: Foul Ball, location: 2F
0-2: Ball
1-2: Foul Ball, location: 2F
1-2: Foul Ball, location: 2F
1-2: Foul Ball, location: 2F
1-2: Foul Ball, location: 2F
1-2: Ground out 6-3 (Groundball, 6)
Top of the 2nd over - 0 run(s), 1 hit(s), 0 error(s), 0 left on base; Hamilton 0 - Pure Michigan 0
BOTTOM OF THE 2ND
Pure Michigan Great Lakers batting - Pitching for Hamilton Coyotes : RHP King Fletcher
Batting: LHB Gustavo Cortéz 0-0: Called Strike
0-1: Ball
1-1: Ground out 6-3 (Groundball, 6)
Batting: LHB Mario Cruz 0-0: Ball
1-0: Fly out, F8 (Flyball, 8RD)
Batting: LHB Sean Angwin 0-0: Swinging Strike
0-1: Ball
1-1: Ball
2-1: Swinging Strike
2-2: Strikes out swinging
Bottom of the 2nd over - 0 run(s), 0 hit(s), 0 error(s), 0 left on base; Hamilton 0 - Pure Michigan 0
TOP OF THE 3RD
Hamilton Coyotes batting - Pitching for Pure Michigan Great Lakers : RHP Alberto Díaz
Batting: RHB Rodrigo Pagán 0-0: Ball
1-0: Ball
2-0: Ground out 1-3 (Groundball, 13S)
Batting: RHB Francisco Morales 0-0: Ball
1-0: Ball
2-0: SOLO HOME RUN (Line Drive, 89XD), Distance : 434 ft
Batting: RHB Carlos Mercado 0-0: Foul Ball, location: 2F
0-1: Ground out 6-3 (Groundball, 6M)
Batting: RHB Héctor Rojas 0-0: Ball
1-0: Ball
2-0: Called Strike
2-1: Ball
3-1: Base on Balls
Batting: RHB Stan Pierce 0-0: Called Strike
0-1: Foul Ball, location: 2F
0-2: Ball
1-2: Strikes out looking
Top of the 3rd over - 1 run(s), 1 hit(s), 0 error(s), 1 left on base; Hamilton 1 - Pure Michigan 0
BOTTOM OF THE 3RD
Pure Michigan Great Lakers batting - Pitching for Hamilton Coyotes : RHP King Fletcher
Batting: RHB Dani Trejo 0-0: Swinging Strike
0-1: Ball
1-1: Fly out, F3 (Popup, 34)
Batting: RHB Yoshiyuki Sasaki 0-0: Ball
1-0: Swinging Strike
1-1: Foul Ball, location: 2F
1-2: Ground out 6-3 (Groundball, 6)
Batting: RHB Lorenzo Sabastro 0-0: Ball
1-0: Ground out 5-3 (Groundball, 56)
Bottom of the 3rd over - 0 run(s), 0 hit(s), 0 error(s), 0 left on base; Hamilton 1 - Pure Michigan 0
TOP OF THE 4TH
Hamilton Coyotes batting - Pitching for Pure Michigan Great Lakers : RHP Alberto Díaz
Batting: LHB Ralph Dunford 0-0: Ball
1-0: Foul Ball, location: 2F
1-1: Fly out, F8 (Flyball, 8LM)
Batting: LHB Tony Ríos 0-0: Ball
1-0: SINGLE (Line Drive, 7LS)
Batting: RHB Monty Sharp 0-0: Called Strike
Tony Ríos steals 2nd base
0-1: DOUBLE (Line Drive, 78M)
Tony Ríos scores
Batting: RHB Jack O'Brien 0-0: Ball
1-0: Ball
2-0: Ball
3-0: Base on Balls
Batting: RHB Rodrigo Pagán 0-0: Called Strike
Monty Sharp steals 3rd base
Jack O'Brien to second
0-1: Swinging Strike
0-2: Foul Ball, location: 2F
0-2: Ball
1-2: Fly out, F3 (Popup, 23F)
Batting: RHB Francisco Morales 0-0: Called Strike
0-1: SINGLE (Groundball, 4D)
Monty Sharp scores
Jack O'Brien to third
Runner from 3rd tries for Home, SAFE, no throw or cutoff
Pitching: RHP John Braun
Batting: RHB Carlos Mercado 0-0: Called Strike
0-1: Called Strike
0-2: Fly out, F7 (Flyball, 78M)
Top of the 4th over - 3 run(s), 3 hit(s), 0 error(s), 1 left on base; Hamilton 4 - Pure Michigan 0
BOTTOM OF THE 4TH
Pure Michigan Great Lakers batting - Pitching for Hamilton Coyotes : RHP King Fletcher
Batting: RHB Brian King 0-0: Called Strike
0-1: Ball
1-1: Fly out, F9 (Flyball, 9D)
Batting: RHB Zong-yuan Fung 0-0: Fly out, F3 (Popup, 13)
Batting: RHB Jeffery Campbell 0-0: Ball
1-0: Ball
2-0: SOLO HOME RUN (Flyball, 78XD), Distance : 430 ft
Batting: LHB Gustavo Cortéz 0-0: Foul Ball, location: 2F
0-1: Foul Ball, location: 2F
0-2: SINGLE (Groundball, 3D)
Batting: LHB Mario Cruz 0-0: Ball
1-0: Ball
2-0: Swinging Strike
2-1: Swinging Strike
2-2: Ball
3-2: Foul Ball, location: 2F
3-2: Strikes out swinging
Bottom of the 4th over - 1 run(s), 2 hit(s), 0 error(s), 1 left on base; Hamilton 4 - Pure Michigan 1
TOP OF THE 5TH
Hamilton Coyotes batting - Pitching for Pure Michigan Great Lakers : RHP John Braun
Batting: RHB Héctor Rojas 0-0: DOUBLE (Line Drive, 7LS)
Batting: RHB Stan Pierce 0-0: 2-RUN HOME RUN (Flyball, 8RXD), Distance : 447 ft
Batting: LHB Ralph Dunford 0-0: Called Strike
0-1: Ball
1-1: Ball
2-1: Ball
3-1: Base on Balls
Batting: LHB Tony Ríos 0-0: Sac Bunt - play at second, runner OUT! 1-6
Batting: RHB Monty Sharp 0-0: Ground out 5-3 (Groundball, 5S)
Tony Ríos to second
Batting: RHB Jack O'Brien 0-0: Ball
1-0: Swinging Strike
1-1: Called Strike
1-2: Hit by Pitch
Batting: RHB Rodrigo Pagán 0-0: Called Strike
0-1: Foul Ball, location: 2F
0-2: Ball
1-2: Ball
2-2: Foul Ball, location: 2F
2-2: Ground out 1-3 (Groundball, 13S)
Top of the 5th over - 2 run(s), 2 hit(s), 0 error(s), 2 left on base; Hamilton 6 - Pure Michigan 1
BOTTOM OF THE 5TH
Pure Michigan Great Lakers batting - Pitching for Hamilton Coyotes : RHP King Fletcher
Batting: LHB Sean Angwin 0-0: Called Strike
0-1: Foul Ball, location: 2F
0-2: Ball
1-2: Ball
2-2: Ground out 4-3 (Groundball, 4M)
Batting: RHB Dani Trejo 0-0: Ball
1-0: Foul Ball, location: 2F
1-1: Hit by Pitch
Batting: RHB Yoshiyuki Sasaki 0-0: Ball
1-0: Ball
2-0: Grounds into double play, U6-3 (Groundball, 6M)
Bottom of the 5th over - 0 run(s), 0 hit(s), 0 error(s), 0 left on base; Hamilton 6 - Pure Michigan 1
TOP OF THE 6TH
Hamilton Coyotes batting - Pitching for Pure Michigan Great Lakers : RHP John Braun
Batting: RHB Francisco Morales 0-0: Called Strike
0-1: Called Strike
0-2: Ball
1-2: Foul Ball, location: 2F
1-2: Ball
2-2: Foul Ball, location: 2F
2-2: Foul Ball, location: 2F
2-2: Foul Ball, location: 2F
2-2: Ball
3-2: Base on Balls
Batting: RHB Carlos Mercado 0-0: Ball
Francisco Morales steals 2nd base
1-0: Foul Ball, location: 2F
1-1: Ball
2-1: Ball
3-1: Called Strike
Francisco Morales steals 3rd base
3-2: SINGLE (Groundball, 34D)
Francisco Morales scores
Pitching: LHP José Ortíz
Batting: RHB Héctor Rojas 0-0: Called Strike
0-1: Fly out, F7 (Line Drive, 7M)
Batting: RHB Stan Pierce 0-0: Ball
1-0: Swinging Strike
1-1: Ball
2-1: Called Strike
2-2: Strikes out swinging
Batting: LHB Ralph Dunford 0-0: Ball
1-0: SINGLE (Groundball, 34D)
Carlos Mercado to second
Runner from 2nd tries for 3rd, SAFE, throw made to third
Batting: LHB Tony Ríos 0-0: Ball
1-0: Ball
2-0: Called Strike
2-1: Foul Ball, location: 2F
2-2: Ball
3-2: Base on Balls
Ralph Dunford to second
Batting: RHB Monty Sharp 0-0: Ball
1-0: Fly out, F1 (Popup, 13S)
Top of the 6th over - 1 run(s), 2 hit(s), 0 error(s), 3 left on base; Hamilton 7 - Pure Michigan 1
BOTTOM OF THE 6TH
Pure Michigan Great Lakers batting - Pitching for Hamilton Coyotes : RHP King Fletcher
Batting: RHB Lorenzo Sabastro 0-0: Called Strike
0-1: Foul Ball, location: 2F
0-2: SINGLE (Flyball, 6MD)
Batting: RHB Brian King 0-0: Called Strike
0-1: Grounds into double play, 5-4-3 (Groundball, 5)
Batting: RHB Zong-yuan Fung 0-0: Ball
1-0: Called Strike
1-1: Swinging Strike
1-2: Strikes out swinging
Bottom of the 6th over - 0 run(s), 1 hit(s), 0 error(s), 0 left on base; Hamilton 7 - Pure Michigan 1
TOP OF THE 7TH
Hamilton Coyotes batting - Pitching for Pure Michigan Great Lakers : LHP José Ortíz
Batting: RHB Jack O'Brien 0-0: Called Strike
0-1: Ball
1-1: Swinging Strike
1-2: Strikes out swinging
Batting: RHB Rodrigo Pagán 0-0: Ground out 6-3 (Groundball, 6)
Batting: RHB Francisco Morales 0-0: Swinging Strike
0-1: Ball
1-1: Ball
2-1: Foul Ball, location: 2F
2-2: Strikes out swinging
Top of the 7th over - 0 run(s), 0 hit(s), 0 error(s), 0 left on base; Hamilton 7 - Pure Michigan 1
BOTTOM OF THE 7TH
Pure Michigan Great Lakers batting - Pitching for Hamilton Coyotes : RHP King Fletcher
Batting: RHB Jeffery Campbell 0-0: Foul Ball, location: 2F
0-1: Ball
1-1: Ball
2-1: Swinging Strike
2-2: SINGLE (Line Drive, 8LS)
Batting: LHB Gustavo Cortéz 0-0: Foul Ball, location: 2F
0-1: Ball
1-1: Ball
2-1: Ball
3-1: Swinging Strike
3-2: Strikes out swinging
Batting: LHB Mario Cruz 0-0: Ball
1-0: Called Strike
1-1: Swinging Strike
1-2: Grounds into double play, 1-6-3 (Groundball, 23)
Bottom of the 7th over - 0 run(s), 1 hit(s), 0 error(s), 0 left on base; Hamilton 7 - Pure Michigan 1
TOP OF THE 8TH
Hamilton Coyotes batting - Pitching for Pure Michigan Great Lakers : LHP José Ortíz
Batting: RHB Carlos Mercado 0-0: Foul Ball, location: 2F
0-1: Ball
1-1: SINGLE (Groundball, 6MD)
Batting: RHB Héctor Rojas 0-0: Foul Ball, location: 2F
0-1: Called Strike
0-2: Ball
1-2: Foul Ball, location: 2F
1-2: Ball
2-2: Foul Ball, location: 2F
2-2: Fly out, F3 (Line Drive, 34)
Batting: RHB Stan Pierce 0-0: Swinging Strike
0-1: Swinging Strike
0-2: Ball
1-2: Foul Ball, location: 2F
1-2: Strikes out swinging
Batting: LHB Ralph Dunford 0-0: Ball
1-0: SINGLE (Line Drive, 34)
Carlos Mercado to second
Batting: LHB Tony Ríos 0-0: Fly out, F8 (Line Drive, 8RM)
Top of the 8th over - 0 run(s), 2 hit(s), 0 error(s), 2 left on base; Hamilton 7 - Pure Michigan 1
BOTTOM OF THE 8TH
Pure Michigan Great Lakers batting - Pitching for Hamilton Coyotes : RHP King Fletcher
Batting: LHB Sean Angwin 0-0: Ball
1-0: Ball
2-0: Called Strike
2-1: Ball
3-1: Base on Balls
Batting: RHB Dani Trejo 0-0: Ball
1-0: Ball
2-0: Foul Ball, location: 2F
2-1: Ball
3-1: SINGLE (Groundball, 5)
Sean Angwin to second
Batting: RHB Yoshiyuki Sasaki 0-0: Swinging Strike
0-1: Ball
1-1: Ball
2-1: Ball
3-1: Foul Ball, location: 2F
3-2: Base on Balls
Sean Angwin to third
Dani Trejo to second
Batting: RHB Lorenzo Sabastro 0-0: Called Strike
0-1: Foul Ball, location: 2F
0-2: Ball
1-2: Foul Ball, location: 2F
1-2: Strikes out swinging
Batting: RHB Brian King 0-0: Fly out, F8 (Flyball, 8RM)
Batting: RHB Zong-yuan Fung 0-0: Called Strike
0-1: Ball
1-1: Ball
2-1: Fly out, F9 (Flyball, 9S)
Bottom of the 8th over - 0 run(s), 1 hit(s), 0 error(s), 3 left on base; Hamilton 7 - Pure Michigan 1
TOP OF THE 9TH
Hamilton Coyotes batting - Pitching for Pure Michigan Great Lakers : LHP José Ortíz
Batting: RHB Monty Sharp 0-0: Ball
1-0: Fly out, F9 (Flyball, 9M)
Batting: RHB Jack O'Brien 0-0: Called Strike
0-1: Called Strike
0-2: Ball
1-2: Ball
2-2: Fly out, F8 (Line Drive, 8LM)
Batting: RHB Rodrigo Pagán 0-0: Foul Ball, location: 2F
0-1: Foul Ball, location: 2F
0-2: Ball
1-2: Strikes out swinging
Top of the 9th over - 0 run(s), 0 hit(s), 0 error(s), 0 left on base; Hamilton 7 - Pure Michigan 1
BOTTOM OF THE 9TH
Pure Michigan Great Lakers batting - Pitching for Hamilton Coyotes : RHP King Fletcher
Batting: RHB Jeffery Campbell 0-0: Called Strike
0-1: Foul Ball, location: 2F
0-2: Hit by Pitch
Pitching: RHP Júlio Villegas
Batting: LHB Gustavo Cortéz 0-0: Foul Ball, location: 2F
0-1: 2-RUN HOME RUN (Flyball, 89XD), Distance : 418 ft
Batting: LHB Mario Cruz 0-0: Ball
1-0: Ball
2-0: Ball
3-0: Base on Balls
Batting: LHB Sean Angwin 0-0: Called Strike
0-1: Grounds into double play, 4-6-3 (Groundball, 34)
Batting: RHB Dani Trejo 0-0: Called Strike
0-1: SINGLE (Flyball, 9LS)
Batting: RHB Yoshiyuki Sasaki 0-0: Ball
1-0: Ground out 5-3 (Groundball, 56S)
Bottom of the 9th over - 2 run(s), 2 hit(s), 0 error(s), 1 left on base; Hamilton 7 - Pure Michigan 3
This league is powered by Out of the Park Baseball, the baseball management simulation game for PC, Mac and Linux
Friday, July 8th, 2016 - OOTP Baseball 16.9 Build 39